 Dungeon Crawl Stone Soup version 0.31-a0-221-gbddc013574 (webtiles) character file.

Game seed: 2877570803380846737

1771 pokeman the Thaumaturge (level 8, -5/44 HPs)
             Began as a Deep Elf Hedge Wizard on July 4, 2023.
             Was an Initiate of Vehumet.
             Killed from afar by a white imp (11 damage)
             ... with a puff of frost
             ... on level 7 of the Dungeon.
             The game lasted 00:13:17 (7410 turns).

pokeman the Thaumaturge (Deep Elf Hedge Wizard)     Turns: 7410, Time: 00:13:17

Health: -5/44      AC:  7    Str:  7    XL:     8   Next: 80%
Magic:  16/24      EV: 13    Int: 22    God:    Vehumet [......]
Gold:   226        SH:  0    Dex: 14    Spells: 19/27 levels left

rFire   . . .        q - +0 whip (venom)
rCold   . . .        (no shield)
rNeg    . . .        b - +0 robe
rPois   .            c - +0 hat
rElec   .            f - +0 cloak
rCorr   +            y - +0 pair of gloves
SInv    .            F - +2 pair of boots
Will    .....        (no amulet)
Stlth   ++           e - ring of flight
HPRegen 0.27/turn    D - ring of resist corrosion
MPRegen 0.19/turn

%: no passive effects
@: flying
A: no striking features
a: Renounce Religion


You were on level 7 of the Dungeon.
You worshipped Vehumet.
Vehumet was noncommittal.
You visited 2 branches of the dungeon, and saw 8 of its levels.

You collected 226 gold pieces.

Inventory:

Hand Weapons
 j - the +0 trident "Tedygg" {flame, rPois rN+ Str+2 SInv}
   (You found it on level 6 of the Dungeon)

   Str:       It affects your strength (+2).
   rPois:     It protects you from poison.
   rN:        It protects you from negative energy.
   SInv:      It lets you see invisible.
 q - a +0 whip of venom (weapon)
 K - a +3 quarterstaff of chaos
Armour
 b - a +0 robe (worn)
 c - a +0 hat (worn)
 f - a +0 cloak (worn)
 w - an orb of mayhem
 y - a +0 pair of gloves (worn)
 F - a +2 pair of boots (worn)
Jewellery
 e - a ring of flight (left hand)
 v - a +6 ring of strength
 D - a ring of resist corrosion (right hand)
 J - a ring of ice
Wands
 s - a wand of acid (15)
 C - a wand of charming (6)
Scrolls
 a - a scroll of fear {unknown}
 g - a scroll of teleportation {unknown}
 k - 4 scrolls of identify {unknown}
 l - a scroll of acquirement {unknown}
 n - 2 scrolls of fog {unknown}
 p - 2 scrolls of enchant armour {unknown}
 x - a scroll of enchant weapon {unknown}
 B - a scroll of revelation {unknown}
 E - a scroll of blinking {unknown}
 H - a scroll of immolation {unknown}
 I - a scroll of amnesia {unknown}
Potions
 d - a potion of magic
 h - 2 potions of heal wounds
 i - a potion of lignification {unknown}
 m - a potion of resistance {unknown}
 o - 2 potions of curing {unknown}
 r - a potion of ambrosia {unknown}
 t - a potion of brilliance {unknown}
 u - a potion of invisibility {unknown}
 z - a potion of degeneration {unknown}
 A - 2 potions of haste {unknown}
 G - a potion of enlightenment {unknown}


   Skills:
 - Level 2.1 Fighting
 + Level 2.7 Armour
 - Level 3.1 Dodging
 - Level 3.0 Stealth
 - Level 1.0 Shields
 * Level 10.4 Spellcasting
 + Level 5.5 Conjurations
 + Level 4.4 Summonings
 - Level 1.1 Translocations
 - Level 1.0 Air Magic
 - Level 1.2 Poison Magic
 - Level 1.1 Evocations


You had 19 spell levels left.
You knew the following spells:

 Your Spells              Type           Power      Damage    Failure   Level
a - Magic Dart            Conj           100%       1d8       1%          1
b - Mephitic Cloud        Conj/Pois/Air  22%        N/A       6%          3
c - Call Imp              Summ           62%        N/A       1%          2
d - Blink                 Tloc           32%        N/A       5%          2

Your spell library contained the following spells:

 Spells                   Type           Power      Damage    Failure   Level
 Kiss of Death            Conj/Necr      92%        2d12      1%          1
 Slow                     Hex            44%        N/A       6%          1
 Cigotuvi's Dreadful Rot  Necr/Pois/Air  28%        N/A       6%          2


Dungeon Overview and Level Annotations

Branches:
Dungeon (7/15)             Temple (1/1) D:5

Altars:
Ashenzari
Cheibriados
Dithmenos
Fedhas
Gozag
Kikubaaqudgha
Makhleb
Nemelex Xobeh
Okawaru
Sif Muna
Trog
Uskayaw
Vehumet
Xom
Yredelemnul
The Shining One

Shops:
D:2 =


Message History

The white imp gestures at you. The puff of frost hits you!
* * * LOW HITPOINT WARNING * * *
You see here a +0 whip.
Unknown command.
You feel stable enough to blink again.
You kill Pikel!
Vehumet accepts your kill.
With Pikel's spell broken, his former minions thank you for their freedom.
The lemure departs this earthly plane. x3
Your Spellcasting skill increases to level 10!
Your Summonings skill increases to level 4!
Casting: Blink (safe; 5% risk of failure)
Confirm with . or Enter, or press ? or * to list all spells.
Aiming: Magic Dart (safe; 1% risk of failure)
Press: ? - help, Shift-Dir - straight line, f - white imp
Aim: a white imp (black smoke, 100% to hit)
The magic dart hits the white imp.
The white imp is moderately wounded.
Unknown command.
Casting: Magic Dart (safe; 1% risk of failure)
Confirm with . or Enter, or press ? or * to list all spells.
Aiming: Magic Dart (safe; 1% risk of failure)
Press: ? - help, Shift-Dir - straight line, f/p - white imp
Aim: a white imp (moderately wounded, 100% to hit)
The magic dart hits the white imp.
The white imp is heavily wounded.
The white imp gestures at you. The puff of frost hits you.
* * * LOW HITPOINT WARNING * * *
Casting: Magic Dart (safe; 1% risk of failure)
Confirm with . or Enter, or press ? or * to list all spells.
Aiming: Magic Dart (safe; 1% risk of failure)
Press: ? - help, Shift-Dir - straight line, f/p - white imp
Aim: a white imp (heavily wounded, 100% to hit)
The magic dart hits the white imp but does no damage.
The white imp is heavily wounded.
The white imp gestures at you. The puff of frost hits you!
You die...

.# . .. .#.#. ..#
.#... #.#
..#..##.##
#.#.....#### . #.
#.#.......#... ...
#..#.......... #..
#@5#.<...#
#..###.§).#.#.....
#....#§.#..# ...
##....#§§#..# .
##.....#)§##...
#...|.....# #.o.
..##.#.#.## ...o#
####### .♣.o. ...


You could see a white imp.

Vanquished Creatures
  Pikel (D:7)
  An orc warrior (D:6)
  2 water moccasins
  A black bear (D:6)
  A sky beast (D:6)
  3 ogres
  A lemure (D:7)
  A bullfrog (D:6)
  3 howler monkeys
  A jelly (D:6)
  2 orc priests (D:6)
  Crazy Yiuf (D:6)
  A sleepcap (D:5)
  3 iguanas
  3 orc wizards
  7 adders
  An ufetubus (D:6)
  4 worms
  10 orcs
  15 endoplasms
  2 giant cockroaches
  8 goblins
  7 hobgoblins
  4 quokkas
  8 ball pythons
  9 bats
  A frilled lizard (D:3)
  7 kobolds
  6 rats
114 creatures vanquished.

Notes
Turn   | Place    | Note
-------+----------+-------------------------------------------
     0 | D:1      | pokeman the Deep Elf Hedge Wizard began the quest for the
                  | Orb.
     0 | D:1      | Reached XP level 1. HP: 10/10 MP: 7/7
   551 | D:1      | Reached XP level 2. HP: 16/16 MP: 4/9
  1334 | D:2      | Reached skill level 5 in Spellcasting
  1507 | D:2      | Reached XP level 3. HP: 20/20 MP: 1/11
  1514 | D:2      | Learned a level 3 spell: Mephitic Cloud
  1517 | D:2      | Learned a level 2 spell: Call Imp
  1520 | D:2      | Learned a level 2 spell: Blink
  1783 | D:2      | Reached skill level 1 in Fighting
  1962 | D:2      | Reached skill level 1 in Armour
  2310 | D:2      | Found Vomysoxt's Jewellery Shoppe.
  2464 | D:2      | Reached XP level 4. HP: 25/25 MP: 11/13
  3754 | D:4      | Found a hide-covered altar of Uskayaw.
  3820 | D:4      | Reached skill level 6 in Spellcasting
  3847 | D:4      | Reached XP level 5. HP: 29/29 MP: 3/15
  4050 | D:4      | Reached skill level 1 in Shields
  4213 | D:4      | Noticed an ogre
  4234 | D:4      | Killed an ogre
  4235 | D:4      | Reached skill level 1 in Air Magic
  4410 | D:4      | Found a shimmering blue altar of Sif Muna.
  4421 | D:4      | Reached XP level 6. HP: 27/34 MP: 12/17
  4515 | D:4      | Got Sif Muna's Tome of Confrontation
  4883 | D:5      | Entered Level 5 of the Dungeon
  4957 | D:5      | Found a staircase to the Ecumenical Temple.
  4966 | Temple   | Entered the Ecumenical Temple
  5034 | Temple   | Became a worshipper of Vehumet
  5066 | D:5      | Noticed a water moccasin
  5075 | D:5      | Killed a water moccasin
  5076 | D:5      | Reached skill level 7 in Spellcasting
  5076 | D:5      | Reached skill level 1 in Poison Magic
  5076 | D:5      | Reached skill level 1 in Evocations
  5144 | D:5      | Found an iron altar of Okawaru.
  5962 | D:6      | Noticed a sky beast
  5977 | D:6      | Killed a sky beast
  5978 | D:6      | Reached XP level 7. HP: 31/38 MP: 8/20
  6201 | D:6      | Found a bloodstained altar of Trog.
  6217 | D:6      | Reached skill level 8 in Spellcasting
  6488 | D:6      | Reached skill level 9 in Spellcasting
  6488 | D:6      | Reached XP level 8. HP: 26/44 MP: 21/23
  6872 | D:6      | Identified the +0 trident "Tedygg" {flame, rPois rN+ Str+2
                  | SInv}
  7056 | D:6      | Found a broken altar of Ashenzari.
  7293 | D:6      | Found a runed translucent door.
  7294 | D:6      | Noticed Crazy Yiuf
  7301 | D:6      | Killed Crazy Yiuf
  7388 | D:7      | Reached skill level 5 in Conjurations
  7389 | D:7      | Noticed Pikel
  7407 | D:7      | Killed Pikel
  7408 | D:7      | Reached skill level 10 in Spellcasting
  7410 | D:7      | Killed from afar by a white imp

Illustrated notes

Levels and vault maps discovered:
D:1:      ncdulo_wetmaze, layout_rooms, serial_co_window_serial,
          co_window_paths_b, co_window_paths_a, co_window_cross_1,
          co_window_paths_a, co_window_paths_a, co_window_paths_c,
          co_window_broadway_a, co_window_broadway_b, co_window_corner_ca,
          co_window_corner_b, co_window_corner_cb, co_window_4corner_b
D:2:      kb_forest_paths, layout_loops_ring, serial_shops, shop
D:3:      layout_basic
D:4:      layout_basic, led_sif_book, nicolae_uskayaw_murder_on_the_dancefloor,
          kennysheep_generic_room_3
D:5:      layout_gridville, mainiacjoe_overflow_tiny_flanked,
          minmay_temple_entry_tees
D:6:      layout_basic, lemuel_round_altar, lemuel_doored_altar,
          uniq_crazy_yiuf_cottage
D:7:      layout_cave_pools, nicolae_qazlal_scattered_showers,
          mainiacjoe_overflow_paths, serial_gnoll_camp, gnoll_camp_mini_shop,
          gnoll_camp_medium_01, gnoll_camp_mini_house, gnoll_camp_medium_02,
          gnoll_camp_huts_basic, hangedman_abyss_or_decor_slice,
          grunt_ministairs_12, uniq_pikel
Temple:   chequers_temple_sunken

Skill      XL: |  1  2  3  4  5  6  7  8 |
---------------+-------------------------+-----
Spellcasting   | 5 6 7 9 10 | 10.4
Fighting       | 1 2 |  2.1
Armour         | 1 2 |  2.7
Conjurations   | 2 3 4 5 |  5.5
Dodging        | 3 |  3.1
Shields        | 1 |  1.0
Air Magic      | 1 |  1.0
Stealth        | 3 |  3.0
Poison Magic   | 1 |  1.2
Evocations     | 1 |  1.1
Summonings     | 3 4 |  4.4
Translocations | |  1.1

Action                     |  1- 3 |  4- 6 |  7- 9 || total
---------------------------+-------+-------+-------++-------
  Melee: Dagger            |     8 |       |       ||     8
         Whip              |     6 |    62 |    57 ||   125
         Punch             |       |       |     1 ||     1
   Cast: Magic Dart        |   113 |   141 |    57 ||   311
         Mephitic Cloud    |     1 |     9 |    10 ||    20
         Blink             |       |     3 |     2 ||     5
         Call Imp          |       |     2 |     2 ||     4
    Use: Potion            |       |       |     1 ||     1
   Stab: Confused          |     1 |     5 |     4 ||    10
         Sleeping          |       |     1 |       ||     1
 Armour: Robe              |     8 |    11 |    15 ||    34
  Dodge: Dodged            |    17 |    43 |    40 ||   100

Table legend: (Time is in decaauts)
 A = Elapsed time spent in this place.
 B = Non-inter-level travel time spent in this place.
 C = Inter-level travel time spent in this place.
 D = Time resting spent in this place.
 E = Time spent auto-exploring this place.
 F = Levels seen in this place.
 G = Mean time per level.
                   A        B        C        D        E       F      G
               +--------+--------+--------+--------+--------+-----+--------+
         Total |   7428 |   7250 |    178 |    156 |   6188 |   8 |  928.5 |
       Dungeon |   7333 |   7180 |    153 |    156 |   6132 |   7 | 1047.6 |
        Temple |     94 |     69 |     25 |      0 |     56 |   1 |   94.0 |
               +--------+--------+--------+--------+--------+-----+--------+

Top non-repeatable levels by time:
     D:6: 1417 daAuts
     D:2: 1385 daAuts
     D:1: 1236 daAuts
     D:4: 1199 daAuts
     D:3: 1074 daAuts
     D:5: 982 daAuts
  Temple: 94 daAuts
     D:7: 38 daAuts
